 Dungeon Crawl Stone Soup version 0.29.0-10-g45618ea6d2 (webtiles) character file.

Game seed: 7906674606127953596

30921 Flugkiller the Cleaver (level 13, -1/116 HPs)
             Began as a Minotaur Fighter on Sept 1, 2022.
             Was a High Priest of Okawaru.
             Slain by a death yak (4 damage)
             ... while petrified by a basilisk
             ... on level 5 of the Lair of Beasts.
             The game lasted 00:08:19 (20136 turns).

Flugkiller the Cleaver (Minotaur Fighter)          Turns: 20136, Time: 00:08:19

Health: -1/116     AC: 21    Str: 29    XL:     13   Next: 23%
Magic:  16/19      EV:  2    Int:  5    God:    Okawaru [*****.]
Gold:   949        SH:  0    Dex: 15    Spells: 12/12 levels left

rFire   . . .      SeeInvis .   M - +9 executioner's axe of Jubbex {vorpal, Str+2}
rCold   . . .      Faith    .   (shield currently unavailable)
rNeg    + + +      Spirit   .   Q - +0 plate armour
rPois   ∞          Reflect  +   (helmet restricted)
rElec   .          Harm     .   (no cloak)
rCorr   .          Rampage  .   (no gloves)
Will    .....                   E - +2 pair of boots
Stlth   ..........              P - amulet of reflection
HPRegen 0.29/turn               I - +6 ring of strength
MPRegen 0.16/turn               o - ring of poison resistance

@: petrified, heroic, finesse-ful, mesmerised
A: horns 2, retaliatory headbutt
a: Renounce Religion, Heroism, Finesse, Duel


You were on level 5 of the Lair of Beasts.
You worshipped Okawaru.
Okawaru was extremely pleased with you.
You visited 2 branches of the dungeon, and saw 16 of its levels.
You also visited: Sewer.

You collected 949 gold pieces.

Inventory:

Hand Weapons
 a - a +0 war axe of flaming
 b - a +2 broad axe of pain
   (You took it off Maggie on level 10 of the Dungeon)
 L - a +0 hand axe of distortion
   (Okawaru gifted it to you on level 3 of the Lair of Beasts)
 M - the +9 executioner's axe of Jubbex (weapon) {vorpal, Str+2}
   (You acquired it on level 1 of the Lair of Beasts)

   It inflicts extra damage upon your enemies.
   Str:       It affects your strength (+2).
Missiles
 g - 20 boomerangs (quivered)
 u - 3 throwing nets
 H - 12 silver javelins
Armour
 E - a +2 pair of boots (worn)
   (You found it on level 8 of the Dungeon)
 F - a +0 kite shield
   (You took it off a gnoll sergeant on level 7 of the Dungeon)
 Q - a +0 plate armour (worn)
   (You found it on level 4 of the Lair of Beasts)
Jewellery
 c - a ring of protection from cold
   (You found it on level 1 of the Lair of Beasts)
 i - a ring of see invisible
   (You took it off a goblin on level 3 of the Dungeon)
 k - a ring of resist corrosion
   (You found it on level 5 of the Dungeon)
 o - a ring of poison resistance (right hand)
   (You found it on level 2 of the Lair of Beasts)
 I - a +6 ring of strength (left hand)
   (You found it on level 10 of the Dungeon)
 P - an amulet of reflection (around neck)
   (You found it on level 4 of the Lair of Beasts)
 S - an amulet of magic regeneration
   (You found it on level 4 of the Lair of Beasts)
Wands
 e - a wand of iceblast (7)
   (You found it on level 5 of the Dungeon)
 s - a wand of mindburst (26)
   (You found it on level 4 of the Dungeon)
 C - a wand of acid (4)
   (You took it off an orc priest on level 8 of the Dungeon)
Scrolls
 l - a scroll of magic mapping
 r - 2 scrolls of identify
 t - 12 scrolls of teleportation
 v - a scroll of enchant weapon
 z - a scroll of blinking
 K - 3 scrolls of fear
 O - a scroll of enchant armour
 R - a scroll of brand weapon
Potions
 d - 2 potions of might
 f - 3 potions of cancellation
 h - a potion of berserk rage {unknown}
 j - 3 potions of magic
 m - 3 potions of flight {unknown}
 n - 2 potions of resistance
 p - a potion of invisibility
 q - 6 potions of curing
 w - 6 potions of heal wounds
 x - 4 potions of haste {unknown}
 y - 2 potions of attraction {unknown}
 A - 3 potions of ambrosia {unknown}
 B - a potion of mutation {unknown}
 D - a potion of lignification {unknown}
 G - 2 potions of brilliance {unknown}


   Skills:
 + Level 11.2(16.2) Fighting
 * Level 14.9(19.9) Axes
 + Level 8.7(13.7) Throwing
 + Level 11.1(16.1) Armour
 + Level 7.6(12.6) Dodging
 - Level 3.6(8.6) Shields
 + Level 9.5 Invocations


You had 12 spell levels left.
You didn't know any spells.
Your spell library was empty.

Dungeon Overview and Level Annotations

Branches:
Dungeon (11/15)            Temple (0/1) D:5            Lair (5/5) D:11
  Swamp (0/4) Lair:2       Spider (0/4) Lair:2        Slime (0/5) Lair:4
    Orc (0/2) D:10          Sewer (visited)

Altars:
Ashenzari
Elyvilon
Fedhas
Hepliaklqana
Okawaru
Sif Muna
Trog
Zin

Shops:
D:7 (   D:10 :

Annotations:
D:4 exclusion: oklob plant
D:7 exclusion: door


Innate Abilities, Weirdness & Mutations

You have a pair of horns on your head.
You reflexively headbutt those who attack you in melee.


Message History

You kill the ten-headed hydra!
Okawaru is honoured by your kill.
You hear an angry hiss.
You hear a croak.
You hear a bellow! x2
A wind drake comes into view.
A death yak comes into view.
The death yak bellows!
You hear a trumpeting! x2
A merfolk avatar comes into view.
A snapping turtle, a death yak and 3 yaks come into view.
The snapping turtle hisses angrily.
The death yak bellows!
The yak bellows! x3
You hear a trumpeting!
The sea snake bites something!!
The cane toad stings you but does no damage.
A yak comes into view.
There is a stone staircase leading up, spattered with blood here.
You slice the cane toad like a ripe choko!!!
You kill the cane toad!
Okawaru accepts your kill.
You hear a bellow!
The sea snake bites the plant!
The plant begins to die.
The basilisk gazes at you.
You easily resist.
A yak comes into view. x2; An elephant comes into view.
You hear a bellow!
You enter the shallow water.
Moving in this stuff is going to be slow.
The yak bellows!
The elephant trumpets!
The sea snake bites the plant!!
The plant looks as sick as possible!
The sea snake poisons the plant!
An elephant comes into view.
The basilisk gazes at you.
You are slowing down.
The death yak gores you!
A komodo dragon comes into view.
A death yak comes into view.
The komodo dragon hisses angrily.
A nearby plant withers and dies.
An elephant comes into view.
The death yak gores you! The death yak gores you.
The death yak moves out of view.
You have turned to stone.
The sea snake bites you! The wind drake flaps its wings at you.
The air twists around and strikes you!
The polar bear bites you but does no damage.
The polar bear claws you but does no damage. x2
The death yak gores you but does no damage. x2
The merfolk avatar chants a haunting song.
You are mesmerised by the merfolk avatar!
The sea snake bites you but does no damage.
The polar bear barely misses you.
The polar bear claws you but does no damage. x2
The yak barely misses you. The death yak gores you.
The death yak gores you but does no damage. x2
The sea snake bites you but does no damage.
The merfolk avatar chants its luring song.
You hear an angry hiss.
The sea snake bites you but does no damage.
The polar bear bites you but does no damage.
The polar bear claws you but does no damage. x2
An elephant comes into view.
The yak completely misses you. The yak barely misses you.
An elephant comes into view.
The basilisk bites you but does no damage.
The death yak gores you! x2
The death yak gores you but does no damage.
The merfolk avatar chants its luring song.
The elephant trumpets! x2
The sea snake bites you! The polar bear bites you!
The polar bear claws you but does no damage. x2
The death yak gores you!
* * * LOW HITPOINT WARNING * * *
The basilisk bites you but does no damage.
The yak gores you.
* * * LOW HITPOINT WARNING * * *
The death yak gores you!!
* * * LOW HITPOINT WARNING * * *
The yak gores you but does no damage.
The death yak gores you but does no damage.
The merfolk avatar chants its luring song.
The sea snake bites you.
* * * LOW HITPOINT WARNING * * *
The polar bear bites you!
* * * LOW HITPOINT WARNING * * *
The polar bear claws you but does no damage. x2
The death yak gores you.
* * * LOW HITPOINT WARNING * * *
The basilisk bites you but does no damage.
The yak gores you but does no damage. The yak gores you.
* * * LOW HITPOINT WARNING * * *
The death yak barely misses you. The death yak completely misses you.
The snapping turtle bites you but does no damage.
The merfolk avatar chants its luring song.
The sea snake bites you.
* * * LOW HITPOINT WARNING * * *
The polar bear barely misses you. The polar bear claws you.
The polar bear claws you but does no damage.
The yak gores you but does no damage. x2; The death yak gores you!
* * * LOW HITPOINT WARNING * * *
The basilisk bites you but does no damage.
The death yak gores you!
You die...

~~ ~~~~~~ m⌠#
~~#.##~
~##m##.#~~~~ ...
kP~P~~~.~~~ ....
~k~~~~~P~ ..Y.. ~
#~~#~~.# ~l...
~~##~~##~k##YY...
..~~.~~.SYYYY....
......†th@YYY...#
........lYY.....#
.........YYY.....
.........†.......
................#
................#
.................
.................
.................


You could see a merfolk avatar (mesmerising), 5 death yaks, 4 elephants, a sea
snake, a snapping turtle, a wind drake (repels missiles), a polar bear, a komodo
dragon, 6 yaks and a basilisk.

Vanquished Creatures
  6 hydras
  Erica (D:10)
  2 two-headed ogres
  5 death yaks (Lair:2)
  Sonja (Lair:3)
  A sea snake (Lair:5)
  A will-o-the-wisp (Lair:2)
  3 black mambas
  Joseph (D:10)
  4 cane toads
  An unseen horror (D:11)
  2 rime drakes
  Maggie (D:10)
  2 kobold demonologists (D:10)
  7 komodo dragons
  2 trolls (D:11)
  A hornet (D:9)
  8 blink frogs
  A jumping spider (Lair:2)
  A shadow (D:10)
  6 wyverns
  33 yaks
  3 basilisks
  Grum (D:8)
  An acid dragon (D:9)
  14 water moccasins
  3 ice beasts
  2 ogres
  11 wolves
  A centaur (D:8)
  2 phantoms
  8 kobold brigands
  2 necrophages
  13 bullfrogs
  2 gnoll sergeants
  3 scorpions
  10 wights (D:9)
  9 howler monkeys
  A human zombie (D:7)
  2 jellies
  6 orc priests
  3 hounds
  Jessica (D:3)
  4 iguanas
  12 orc wizards
  19 adders
  9 gnolls
  2 river rats (Sewer)
  A shadow imp (D:6)
  2 white imps (D:6)
  An ufetubus (D:6)
  A worm (D:5)
  2 dart slugs
  36 orcs
  7 bats
  10 endoplasms
  3 giant cockroaches
  3 goblins
  8 hobgoblins
  14 jackals
  22 kobolds
  9 quokkas
  12 ball pythons
  7 frilled lizards
  9 rats
381 creatures vanquished.

Vanquished Creatures (others)
  2 foxfires (Lair:2)
  9 fungi
  106 plants
117 creatures vanquished.

Grand Total: 498 creatures vanquished

Notes
Turn   | Place    | Note
-------+----------+-------------------------------------------
     0 | D:1      | Flugkiller the Minotaur Fighter began the quest for the
                  | Orb.
     0 | D:1      | Reached XP level 1. HP: 19/19 MP: 0/0
    56 | D:1      | Reached XP level 2. HP: 27/27 MP: 1/1
    83 | D:1      | Reached skill level 3 in Axes
   152 | D:1      | Found a faded altar of an unknown god.
   171 | D:1      | Prayed at the altar of an unknown god.
   171 | D:1      | Became a worshipper of Elyvilon the Healer
   171 | D:1      | Reached * piety under Elyvilon
   648 | D:1      | Reached XP level 3. HP: 33/33 MP: 2/2
   997 | D:2      | Found an iron altar of Okawaru.
  1112 | D:2      | Fell from the grace of Elyvilon
  1112 | D:2      | Became a worshipper of Warmaster Okawaru
  2060 | D:3      | Reached skill level 4 in Axes
  2060 | D:3      | Reached XP level 4. HP: 40/40 MP: 3/3
  2116 | D:3      | Reached skill level 1 in Throwing
  2417 | D:3      | Noticed Jessica
  2422 | D:3      | Killed Jessica
  2423 | D:3      | Reached XP level 5. HP: 42/47 MP: 4/4
  2777 | D:4      | Found a bloodstained altar of Trog.
  2805 | D:4      | Reached skill level 5 in Axes
  2874 | D:4      | Reached * piety under Okawaru
  2916 | D:4      | Reached XP level 6. HP: 35/55 MP: 5/5
  3031 | D:4      | Reached skill level 5 in Fighting
  3031 | D:4      | Reached skill level 5 in Armour
  3189 | D:4      | Found a blossoming altar of Fedhas.
  3211 | D:4      | Noticed an oklob plant
  3413 | D:4      | Reached skill level 6 in Axes
  3415 | D:4      | Reached XP level 7. HP: 35/61 MP: 6/6
  3674 | D:5      | Entered Level 5 of the Dungeon
  3775 | D:5      | Reached ** piety under Okawaru
  3875 | D:5      | Found a staircase to the Ecumenical Temple.
  3986 | D:5      | Reached skill level 7 in Axes
  4299 | D:5      | Reached XP level 8. HP: 31/70 MP: 4/7
  4872 | D:6      | Reached skill level 8 in Axes
  5327 | D:6      | Found a glowing drain.
  5343 | Sewer    | Entered a sewer
  5719 | Sewer    | Reached *** piety under Okawaru
  6213 | D:6      | Reached skill level 9 in Axes
  6731 | D:7      | Found Rajinwih's Antique Weapon Boutique.
  7303 | D:7      | Reached XP level 9. HP: 14/79 MP: 6/8
  7672 | D:7      | Reached skill level 5 in Throwing
  7674 | D:7      | Reached skill level 1 in Invocations
  7695 | D:7      | Reached skill level 1 in Dodging
  8717 | D:8      | Reached skill level 10 in Axes
  8725 | D:8      | Reached **** piety under Okawaru
  9165 | D:8      | Noticed Grum
  9168 | D:8      | Found a glowing silver altar of Zin.
  9183 | D:8      | Killed Grum
  9398 | D:8      | Found a hazy altar of Hepliaklqana.
  9409 | D:8      | Found a broken altar of Ashenzari.
 10275 | D:9      | Reached XP level 10. HP: 63/88 MP: 11/11
 10773 | D:9      | Noticed a two-headed ogre
 10778 | D:9      | Killed a two-headed ogre
 10778 | D:9      | Reached ***** piety under Okawaru
 10778 | D:9      | Received a gift from Okawaru
 10779 | D:9      | Reached skill level 11 in Axes
 10848 | D:9      | Reached skill level 5 in Invocations
 11265 | D:9      | HP: 3/90 [troll (7)]
 11934 | D:9      | Found a shimmering blue altar of Sif Muna.
 12015 | D:9      | Received a gift from Okawaru
 12458 | D:10     | Entered Level 10 of the Dungeon
 12467 | D:10     | Received a gift from Okawaru
 12533 | D:10     | Found Xarac's Book Emporium.
 12534 | D:10     | Noticed Erica
 12551 | D:10     | Reached XP level 11. HP: 84/97 MP: 14/14
 12559 | D:10     | Reached skill level 12 in Axes
 12844 | D:10     | Noticed a sun demon
 12847 | D:10     | Noticed a sun demon
 12850 | D:10     | Received a gift from Okawaru
 13085 | D:10     | Found a staircase to the Orcish Mines.
 13090 | D:10     | Noticed Maggie
 13101 | D:10     | Killed Maggie
 13235 | D:10     | Noticed Joseph
 13244 | D:10     | Killed Joseph
 13788 | D:10     | Killed Erica
 13789 | D:10     | Reached skill level 5 in Dodging
 14105 | D:11     | Identified the +1 ring mail of the Game of Life {rF- rC+++
                  | Regen+ Dex-3} (Okawaru gifted it to you on level 11 of the
                  | Dungeon)
 14105 | D:11     | Received a gift from Okawaru
 14122 | D:11     | HP: 4/97 [water moccasin (5)]
 14635 | D:11     | Found a staircase to the Lair.
 14656 | D:11     | Noticed an eight-headed hydra
 14665 | D:11     | Killed a four-headed hydra
 14666 | D:11     | Reached skill level 13 in Axes
 14821 | D:11     | Noticed a two-headed ogre
 14821 | D:11     | Noticed a four-headed hydra
 14833 | D:11     | Killed a two-headed ogre
 14841 | D:11     | Killed a one-headed hydra
 15289 | D:11     | Reached skill level 10 in Fighting
 15518 | Lair:1   | Entered Level 1 of the Lair of Beasts
 15556 | Lair:1   | Reached XP level 12. HP: 79/106 MP: 14/16
 15732 | Lair:1   | Reached skill level 10 in Armour
 16588 | Lair:1   | Identified a scroll of acquirement
 16588 | Lair:1   | Acquired the +9 executioner's axe of Jubbex {vorpal, Str+2}
 17031 | Lair:2   | Noticed a death yak
 17031 | Lair:2   | Noticed a death yak
 17034 | Lair:2   | Noticed a death yak
 17035 | Lair:2   | Noticed a death yak
 17035 | Lair:2   | Noticed a death yak
 17038 | Lair:2   | Killed a death yak
 17040 | Lair:2   | Killed a death yak
 17040 | Lair:2   | Received a gift from Okawaru
 17045 | Lair:2   | Killed a death yak
 17046 | Lair:2   | Killed a death yak
 17050 | Lair:2   | Killed a death yak
 17065 | Lair:2   | Reached skill level 14 in Axes
 17228 | Lair:2   | Received a gift from Okawaru
 17233 | Lair:2   | Found a staircase to the Swamp.
 17424 | Lair:2   | Found a hole to the Spider Nest.
 18667 | Lair:3   | Received a gift from Okawaru
 18844 | Lair:3   | Noticed Sonja
 18855 | Lair:3   | Killed Sonja
 19247 | Lair:4   | Noticed a five-headed hydra
 19253 | Lair:4   | Killed a seven-headed hydra
 19289 | Lair:4   | Noticed a six-headed hydra
 19298 | Lair:4   | Killed a ten-headed hydra
 19300 | Lair:4   | Reached XP level 13. HP: 71/116 MP: 16/19
 19896 | Lair:4   | Found a staircase to the Slime Pits.
 20106 | Lair:5   | Entered Level 5 of the Lair of Beasts
 20136 | Lair:5   | HP: 3/116 [death yak (7)]
 20136 | Lair:5   | Slain by a death yak

Illustrated notes

Levels and vault maps discovered:
D:1:      tarquinn_simple_flora_water_e, layout_rooms,
          chequers_ecumenical_altar_island, nrook_uturn, nicolae_eternal_life,
          st_stairs_1
D:2:      layout_basic, basic_altar
D:3:      layout_basic, minmay_misc_feat_tiny, nrook_mini_vaults,
          minmay_snake_closets, uniq_jessica
D:4:      layout_rooms, tgw_fedhas, bloody_trog
D:5:      layout_cave_pools, minmay_temple_entry_statues_fountains
D:6:      layout_cave_pods, portal_sewer_entry_f
D:7:      layout_loops_cross, serial_shops, nicolae_shop_hallway_stairs,
          nicolae_ossuary_entry_catacombs, due_unseen_surprise
D:8:      layout_rooms, lemuel_tele_altar, mainiacjoe_overflow_catch_the_wave,
          uniq_grum
D:9:      layout_stronghold, marbit_many_paths
D:10:     layout_roguey, orc_0_dummy, serial_shops,
          nicolae_shop_window_shopping, kennysheep_small_spiral,
          dreamdust_princess_corridor, uniq_maggie, uniq_erica, uniq_joseph
D:11:     layout_grid_maze, minmay_lair_entry_grove, kennysheep_generic_room_16
Lair:1:   layout_layer_cave
Lair:2:   layout_roguey, minmay_swamp_entry_wisps, spider_nest_entry_rubble
Lair:3:   layout_chaotic_city, uniq_sonja
Lair:4:   layout_misc_corridors, slime_entry_1
Lair:5:   gammafunk_lair_ancient_temple, layout_regular_city

Skill      XL: |  1  2  3  4  5  6  7  8  9 10 11 12 13 |
---------------+----------------------------------------+-----
Axes           | 3 4 5 6 7 9 10 11 13 14 | 14.9
Fighting       | 4 5 6 7 8 9 10 11 | 11.2
Armour         | 4 5 6 7 8 9 10 11 | 11.1
Throwing       | 1 2 3 4 5 6 7 8 |  8.7
Invocations    | 3 6 7 9 |  9.5
Dodging        | 2 4 5 7 |  7.6
Shields        | |  3.6

Action                   |  1- 3 |  4- 6 |  7- 9 | 10-12 | 13-15 || total
-------------------------+-------+-------+-------+-------+-------++-------
Melee: War axe           |    74 |   106 |   346 |   187 |       ||   713
       Headbutt          |     6 |    15 |    68 |    66 |     3 ||   158
       Broad axe         |       |       |       |   134 |       ||   134
       Executioner's axe |       |       |       |    83 |    29 ||   112
Throw: Boomerang         |       |       |     2 |       |       ||     2
Invok: Heroism           |       |       |     7 |    25 |     2 ||    34
       Finesse           |       |       |       |     2 |     1 ||     3
  Use: Scroll            |       |       |    15 |     7 |     1 ||    23
       Potion            |       |       |     2 |     4 |       ||     6
Armor: Scale mail        |    48 |    60 |   144 |   135 |     1 ||   388
       Plate armour      |       |       |       |       |    40 ||    40
Dodge: Dodged            |    28 |    49 |   144 |   221 |    30 ||   472
Block: Buckler           |    17 |    25 |    78 |    75 |       ||   195
       Other             |       |       |       |     3 |     8 ||    11
